 Dungeon Crawl Stone Soup version 0.26-a0-712-ga5a9c9c9d0 (webtiles) character file.

Game seed: 17266108288795218310

7165 Azzok the Cleaver (level 10, -6/105 HPs)
             Began as a Demonspawn Berserker on Nov 5, 2020.
             Was a High Priest of Trog.
             Mangled by a troll (14 damage)
             ... on level 10 of the Dungeon.
             The game lasted 00:09:45 (8505 turns).

Azzok the Cleaver (Demonspawn Berserker)            Turns: 8505, Time: 00:09:46

Health: -6/105     AC: 11    Str: 32    XL:     10   Next: 86%
Magic:  10/10      EV:  9    Int:  8    God:    Trog [*****.]
Gold:   577        SH:  0    Dex: 14    Spells: 9/9 levels left

rFire    . . .     SeeInvis .   l - +2 executioner's axe (vorpal)
rCold    . . .     Faith    .   (shield currently unavailable)
rNeg     . . .     Spirit   .   A - +0 plate armour
rPois    .         Reflect  .   D - +0 helmet
rElec    .         Harm     .   (no cloak)
rCorr    .         Rampage  .   (no gloves)
MR       .....                  (no boots)
Stlth    ..........             d - amulet of regeneration
HPRegen  0.67/turn              s - +6 ring of strength
MPRegen  0.12/turn              q - +6 ring of strength

@: berserking, very quick
A: hooves 1, spiny 2, sturdy frame 1
a: Berserk, Trog's Hand, Brothers in Arms, Renounce Religion


You were on level 10 of the Dungeon.
You worshipped Trog.
Trog was extremely pleased with you.
You visited 1 branch of the dungeon, and saw 11 of its levels.

You collected 577 gold pieces.

Inventory:

Hand Weapons
 a - a +0 hand axe
 l - a +2 vorpal executioner's axe (weapon)
 F - a +0 broad axe
Armour
 A - a +0 plate armour (worn)
 D - a +0 helmet (worn)
 H - +0 acid dragon scales
Jewellery
 d - an amulet of regeneration (around neck)
 q - a +6 ring of strength (right hand)
 s - a +6 ring of strength (left hand)
 v - an uncursed ring of protection from cold
 w - an uncursed ring of fire
 I - an uncursed ring of see invisible
Wands
 r - a wand of iceblast (14)
 y - a wand of digging (3)
 C - a wand of flame (8)
 E - a wand of paralysis (7)
Scrolls
 e - a scroll of enchant weapon {unknown}
 f - 5 scrolls of amnesia {unknown}
 h - 8 scrolls of remove curse
 i - 6 scrolls of teleportation
 n - 2 scrolls of fear {unknown}
 o - 2 scrolls of identify {unknown}
 u - 2 scrolls of fog {unknown}
 x - 3 scrolls of enchant armour {unknown}
 B - 5 scrolls of magic mapping {unknown}
 G - a scroll of random uselessness {unknown}
 J - a scroll of immolation {unknown}
 L - a scroll of summoning {unknown}
 N - a scroll of blinking {unknown}
 O - a scroll of noise {unknown}
Potions
 b - a potion of cancellation {unknown}
 c - 3 potions of flight {unknown}
 g - 2 potions of resistance {unknown}
 j - a potion of might {unknown}
 k - 3 potions of ambrosia {unknown}
 m - 3 potions of curing {unknown}
 p - a potion of brilliance {unknown}
 t - a potion of degeneration {unknown}
 z - 4 potions of heal wounds {unknown}
 K - 2 potions of lignification {unknown}
 M - a potion of invisibility {unknown}


   Skills:
 - Level 3.0 Fighting
 + Level 14.8 Axes
 - Level 1.7 Armour
 - Level 1.7 Dodging


You had 9 spell levels left.
You didn't know any spells.
Your spell library was empty.

Dungeon Overview and Level Annotations

Branches:
Dungeon (11/15)            Temple (0/1) D:5             Orc (0/2) D:10
   Lair: D:8-11

Altars:
Ashenzari
Fedhas
Gozag
Hepliaklqana
Nemelex Xobeh
Okawaru
Qazlal
Ru
Sif Muna
Xom
Yredelemnul
The Shining One
Beogh

Shops:
D:7 [


Innate Abilities, Weirdness & Mutations

You have large cloven feet.
You are mostly covered in sharp spines.
Your movements are slightly less encumbered by armour. (ER -2)


Message History

You feel yourself moving faster!
You feel mighty! The ice beast is struck by your spines.
The ice beast hits you.
* * * LOW HITPOINT WARNING * * *
The ice beast freezes you!
* * * LOW HITPOINT WARNING * * *
The troll completely misses you. The troll barely misses you.
The troll claws you.
* * * LOW HITPOINT WARNING * * *
You closely miss the troll. You kick the troll!
The troll is moderately wounded.
You barely miss the ice beast. The ice beast completely misses you.
The troll bites you but does no damage. The troll closely misses you.
The troll claws you.
* * * LOW HITPOINT WARNING * * *
You hit the troll. Your kick misses the troll.
The troll is heavily wounded.
You barely miss the ice beast.
The ice beast hits you but does no damage.
The troll is struck by your spines. The troll bites you!
You die...

≈≈≈···≈·≈≈≈≈≈≈≈
··≈≈≈··≈···≈≈≈≈···
≈≈·≈≈≈≈·≈≈≈≈≈≈≈≈≈≈
··≈≈≈≈≈≈≈≈≈≈≈≈≈≈≈···
··≈··≈≈≈≈≈≈··≈≈≈·····
·≈···≈·≈≈······≈····▒
·········YT·········▒
·········†@†····▒···╬
▒▒▒▒···········▒
▒·········▒▒
▒·········▒ ▒▒▒▒▒▒
▒▒▒▒▒▒·▒▒▒▒ ·····▒
▒▒·▒ ·····▒ ▒··▒
·⌠···▒▒▒ ▒▒▒·▒▒
▒▒▒▒▒╬ ·····▒·▒
▒····▒ ▒·····


You could see a troll and an ice beast.

Vanquished Creatures
  Harold (D:7)
  Maggie (D:7)
  2 trolls
  Grinder (D:3)
  Sigmund (D:4)
  A wyvern (D:9)
  A steam dragon (D:7)
  Edmund (D:6)
  A black bear (D:7)
  2 ice beasts
  4 orc warriors
  2 phantoms
  An eye of draining (D:9)
  2 sky beasts
  A necrophage (D:8)
  6 centaurs
  3 ogres
  4 bullfrogs
  15 killer bees
  A water moccasin skeleton (D:8)
  3 scorpions
  7 wights (D:6)
  2 electric eels (D:11)
  4 orc priests
  2 bullfrog zombies
  10 hounds
  2 bullfrog skeletons
  A centaur skeleton (D:6)
  3 iguanas
  Ijyb (D:5)
  Terence (D:3)
  11 orc wizards
  6 worker ants
  Natasha (thrice) (D:3)
  A hound zombie (D:9)
  A worker ant zombie (D:6)
  9 gnolls
  8 adders
  2 shadow imps (D:6)
  4 white imps
  An ooze (D:3)
  2 adder skeletons
  4 worms
  3 leopard geckos
  49 orcs
  5 giant cockroaches
  6 goblins
  5 hobgoblins
  17 jackals
  4 quokkas (D:2)
  A ball python (D:5)
  11 bats
  5 frilled lizards
  4 kobolds
  A leopard gecko zombie (D:9)
  A quokka skeleton (D:6)
  5 rats
256 creatures vanquished.

Vanquished Creatures (others)
  A bush (D:3)
  12 fungi
  4 plants (D:2)
  4 toadstools (D:7)
21 creatures vanquished.

Grand Total: 277 creatures vanquished

Notes
Turn   | Place    | Note
-------+----------+-------------------------------------------
     0 | D:1      | Azzok the Demonspawn Berserker began the quest for the Orb.
     0 | D:1      | Reached XP level 1. HP: 18/18 MP: 1/1
    69 | D:1      | Reached skill level 3 in Axes
   259 | D:1      | Gained mutation: You are partially covered in sharp spines.
                  | [demonic ancestry]
   259 | D:1      | Reached XP level 2. HP: 17/24 MP: 2/2
   935 | D:2      | Gained mutation: Your movements are slightly less
                  | encumbered by armour. (ER -2) [demonic ancestry]
   935 | D:2      | Reached XP level 3. HP: 24/29 MP: 3/3
   971 | D:2      | Reached ** piety under Trog
   978 | D:2      | Reached skill level 4 in Axes
  1105 | D:2      | You fall into a shaft and drop 2 floors!
  1283 | D:2      | Gained mutation: You have large cloven feet. [demonic
                  | ancestry]
  1283 | D:2      | Reached XP level 4. HP: 35/35 MP: 4/4
  1314 | D:2      | Found a shimmering altar of Xom.
  1432 | D:2      | Found a blossoming altar of Fedhas.
  1913 | D:3      | Noticed Natasha
  1923 | D:3      | Reached skill level 5 in Axes
  1927 | D:3      | Killed Natasha
  1927 | D:3      | Reached XP level 5. HP: 41/41 MP: 5/5
  1973 | D:3      | Noticed Terence
  1988 | D:3      | Killed Terence
  2055 | D:3      | Reached *** piety under Trog
  2099 | D:3      | Noticed Grinder
  2108 | D:3      | Paralysed by Grinder for 2 turns
  2114 | D:3      | Killed Grinder
  2114 | D:3      | Reached skill level 6 in Axes
  2114 | D:3      | Gained mutation: You are mostly covered in sharp spines.
                  | [demonic ancestry]
  2114 | D:3      | Reached XP level 6. HP: 41/47 MP: 6/6
  2186 | D:3      | Noticed Natasha
  2271 | D:3      | Killed Natasha
  2603 | D:3      | Found a sparkling altar of Nemelex Xobeh.
  2709 | D:3      | Noticed Natasha
  2713 | D:3      | Killed Natasha
  2713 | D:3      | Reached skill level 7 in Axes
  3026 | D:4      | Noticed Sigmund
  3036 | D:4      | Killed Sigmund
  3036 | D:4      | Reached XP level 7. HP: 52/52 MP: 7/7
  3383 | D:5      | Entered Level 5 of the Dungeon
  3387 | D:5      | Reached skill level 8 in Axes
  3548 | D:5      | Reached skill level 9 in Axes
  3548 | D:5      | Reached XP level 8. HP: 36/58 MP: 8/8
  3608 | D:5      | Found a staircase to the Ecumenical Temple.
  3764 | D:5      | Noticed Ijyb
  3773 | D:5      | Killed Ijyb
  3796 | D:5      | Found an opulent altar of Gozag.
  3805 | D:5      | Found a stormy altar of Qazlal.
  3805 | D:5      | Found a hazy altar of Hepliaklqana.
  3811 | D:5      | Found a shimmering blue altar of Sif Muna.
  4146 | D:6      | Reached **** piety under Trog
  4376 | D:6      | Reached skill level 10 in Axes
  4395 | D:6      | Noticed Edmund
  4416 | D:6      | Killed Edmund
  4736 | D:6      | Reached skill level 11 in Axes
  4736 | D:6      | Reached XP level 9. HP: 63/63 MP: 9/9
  5272 | D:7      | Noticed Maggie
  5284 | D:7      | Killed Maggie
  5284 | D:7      | Reached skill level 12 in Axes
  5333 | D:7      | Found an iron altar of Okawaru.
  5421 | D:7      | Noticed Harold
  5427 | D:7      | Killed Harold
  5427 | D:7      | Reached ***** piety under Trog
  5588 | D:7      | Reached skill level 13 in Axes
  5699 | D:7      | Found Puczup's Armour Emporium.
  5710 | D:7      | Reached XP level 10. HP: 64/70 MP: 10/10
  5742 | D:7      | Found a broken altar of Ashenzari.
  5860 | D:7      | Found a sacrificial altar of Ru.
  6697 | D:8      | Found an opulent altar of Gozag.
  7098 | D:9      | Found a blossoming altar of Fedhas.
  7116 | D:9      | Received a gift from Trog
  7437 | D:9      | Found a basalt altar of Yredelemnul.
  7446 | D:9      | Found a glowing golden altar of the Shining One.
  7558 | D:9      | Reached skill level 14 in Axes
  7699 | D:9      | Found a shimmering blue altar of Sif Muna.
  7775 | D:9      | Noticed an angel
  7800 | D:10     | Entered Level 10 of the Dungeon
  8020 | D:10     | Found a roughly hewn altar of Beogh.
  8020 | D:10     | Found a staircase to the Orcish Mines.
  8505 | D:10     | Mangled by a troll

Illustrated notes

Levels and vault maps discovered:
D:1:      nagdon_arrival_zigzag_paths, layout_basic
D:2:      layout_loops_ring, xom_butterflies, minmay_misc_feat_doors,
          fedhas_altar_3
D:3:      layout_loops_ring, minmay_hedge_maze, nemelex_dance_club_becter,
          uniq_grinder, uniq_terence, uniq_natasha
D:4:      layout_gridville, chequers_garden, uniq_sigmund
D:5:      layout_cave_pools, grunt_temple_overflow_open,
          minmay_temple_entry_large_hall, lightli_corner_chamber, uniq_ijyb
D:6:      layout_loops_ring, hangedman_abyss_or_decor_stagger,
          kennysheep_generic_room_4, uniq_edmund
D:7:      layout_gridville, nicolae_ru_path_of_blood, overflow_temple_1_default,
          okawaru_ov_weapons_minmay, minivault_19,
          chequers_serial_rivers_small_a, minmay_gold_behind_fungi,
          kennysheep_small_square, uniq_maggie, uniq_harold
D:8:      layout_loops_ring, nicolae_gozag_cash_rules_everything_around_me
D:9:      layout_roguey, grunt_temple_overflow_holy_war,
          overflow_temple_1_default, tgw_sif
D:10:     layout_roguey [special_room_orc], erik_lair_island, david_orc_5,
          hangedman_fish_farm
D:11:     layout_basic, basic_altar, chequers_serial_rivers_micro_d

Skill      XL: |  1  2  3  4  5  6  7  8  9 10 |
---------------+-------------------------------+-----
Axes           | 3 4 5 6 7 9 11 13 14 | 14.8
Fighting       | |  3.0
Armour         | |  1.7
Dodging        | |  1.7

Action                   |  1- 3 |  4- 6 |  7- 9 | 10-12 || total
-------------------------+-------+-------+-------+-------++-------
Melee: Hand axe          |   103 |   139 |   198 |       ||   440
       Kick              |       |    51 |    86 |    58 ||   195
       Broad axe         |       |       |    35 |    76 ||   111
       Executioner's axe |       |       |       |   113 ||   113
Invok: Berserk           |       |     3 |     8 |     2 ||    13
Evoke: Wand              |       |       |       |    10 ||    10
  Use: Scroll            |       |       |       |     2 ||     2
 Stab: Distracted        |       |     1 |       |       ||     1
Armor: Animal skin       |    13 |       |       |       ||    13
       Scale mail        |    16 |    12 |       |       ||    28
       Chain mail        |       |    16 |    29 |       ||    45
       Plate armour      |       |       |    69 |   102 ||   171
Dodge: Dodged            |    64 |    44 |    79 |    87 ||   274

Table legend: (Time is in decaauts)
 A = Elapsed time spent in this place.
 B = Non-inter-level travel time spent in this place.
 C = Inter-level travel time spent in this place.
 D = Time resting spent in this place.
 E = Time spent auto-exploring this place.
 F = Levels seen in this place.
 G = Mean time per level.
                   A        B        C        D        E       F      G
               +--------+--------+--------+--------+--------+-----+--------+
         Total |   8610 |   8258 |    352 |    905 |   5861 |  11 |  782.7 |
       Dungeon |   8610 |   8258 |    352 |    905 |   5861 |  11 |  782.7 |
               +--------+--------+--------+--------+--------+-----+--------+

Top non-repeatable levels by time:
     D:7: 1024 daAuts
     D:6: 962 daAuts
     D:3: 934 daAuts
     D:9: 931 daAuts
     D:1: 926 daAuts
     D:2: 859 daAuts
     D:4: 765 daAuts
     D:8: 748 daAuts
     D:5: 725 daAuts
    D:10: 408 daAuts
    D:11: 323 daAuts
